 Dungeon Crawl Stone Soup version 0.20.1-1-g8b1a95d (webtiles) character file.

63 Monsterracer the Chopper (level 3, -2/28 HPs)
             Began as a Demonspawn Warper on Aug 12, 2017.
             Slain by a gnoll
             ... wielding a +0 halberd
              (7 damage)
             ... on level 2 of the Dungeon.
             The game lasted 00:02:20 (795 turns).

Monsterracer the Chopper (Demonspawn Warper)         Turns: 795, Time: 00:02:20

Health: -2/28      AC:  5    Str: 17    XL:     3   Next: 87%
Magic:  6/6        EV: 11    Int: 14    God:
Gold:   34         SH:  0    Dex: 12    Spells: 4/6 levels left

rFire    . . .     SeeInvis .   a - +0 hand axe
rCold    . . .     Gourm    .   (no shield)
rNeg     . . .     Faith    .   g - +0 ring mail
rPois    .         Spirit   .   (no helmet)
rElec    .         Reflect  .   (no cloak)
rCorr    .         Harm     .   (no gloves)
MR       .....                  (no boots)
Stlth    +.........             (no amulet)
Regen    0.1/turn               (no ring)
MPRegen  0.1/turn               (no ring)

@: mighty
A: powered by pain 1, spiny 1
a: no special abilities


You were on level 2 of the Dungeon.
You were not hungry.

You visited 1 branch of the dungeon, and saw 2 of its levels.

You collected 34 gold pieces.

Inventory:

Hand Weapons
 a - a +0 hand axe (weapon)
Missiles
 e - 5 tomahawks of dispersal (quivered)
Armour
 g - a +0 ring mail (worn)
Scrolls
 b - a scroll of immolation {unknown}
 d - a scroll of blinking
 k - a scroll of identify {unknown}
 l - a scroll of amnesia {unknown}
 m - a scroll of remove curse {unknown}
Potions
 i - a potion of heal wounds {unknown}
 j - a potion of curing {unknown}
Books
 c - a book of Spatial Translocations

   Spells                             Type                      Level
   a - Blink                          Translocation                2
   b - Shroud of Golubria             Charms/Translocation         2
   c - Lesser Beckoning               Translocation                3
   d - Gell's Gravitas                Translocation                3
   e - Teleport Other                 Translocation                3
   f - Passage of Golubria            Translocation                4
Comestibles
 f - a bread ration
 h - a meat ration


   Skills:
 * Level 2.5 Fighting
 * Level 2.8 Axes
 - Level 0.8 Throwing
 + Level 1.2 Armour
 + Level 2.5 Dodging
 - Level 2.0 Spellcasting
 - Level 2.6 Translocations


You had 4 spell levels left.
You knew the following spells:

 Your Spells              Type           Power        Failure   Level  Hunger
a - Blink                 Tloc           N/A          22%         2    ###....


Dungeon Overview and Level Annotations

Branches:
Dungeon (2/15)

Altars:


Innate Abilities, Weirdness & Mutations

You sometimes gain a little power by taking damage.
You are partially covered in sharp spines.


Message History

The gnoll is struck by your spines. The gnoll hits you but does no damage.
You slash the gnoll!
You kill the gnoll!
You slash the gnoll!
The gnoll is heavily wounded.
The gnoll hits you with a flail.
* * * LOW HITPOINT WARNING * * *
Huge Dmg: -21%(-6hp) hp: 15%(4hp)
You hit the gnoll.
The gnoll is severely wounded.
The gnoll misses you.
You slash the gnoll!
You kill the gnoll!
The bat is struck by your spines. The bat barely misses you.
Unknown command.
The bat hits you but does no damage.
You slash the bat!
You kill the bat!
The gnoll is struck by your spines. The gnoll hits you with a halberd!
You die...

##.## #..#
#########.######.
......†..........
#########..#####.
#########.##
#....†.....#
#.########.# #@#
.# #g# .. #g# ...
#.# ... ... ....
... ... .....


You could see a gnoll and a goblin.

Vanquished Creatures
  3 gnolls (D:2)
  2 dart slugs
  A leopard gecko (D:1)
  2 giant cockroaches (D:1)
  3 goblins
  2 hobgoblins (D:1)
  A quokka (D:2)
  7 bats
  A frilled lizard (D:1)
  3 kobolds (D:1)
  7 rats (D:1)
32 creatures vanquished.

Notes
Turn   | Place    | Note
-------+----------+-------------------------------------------
     0 | D:1      | Monsterracer the Demonspawn Warper began the quest for the Orb.
     0 | D:1      | Reached XP level 1. HP: 16/16 MP: 3/3
    25 | D:1      | Reached skill level 1 in Armour
   188 | D:1      | Gained mutation: You sometimes gain a little power by taking damage. [demonic ancestry]
   188 | D:1      | Reached XP level 2. HP: 20/22 MP: 5/5
   530 | D:1      | Learned a level 2 spell: Blink
   763 | D:2      | Gained mutation: You are partially covered in sharp spines. [demonic ancestry]
   763 | D:2      | Reached XP level 3. HP: 27/28 MP: 6/6
   775 | D:2      | HP: 13/28 [dart slug/slug dart (8)]
   786 | D:2      | HP: 10/28 [gnoll/whip (4)]
   790 | D:2      | HP: 4/28 [gnoll/flail (6)]
   795 | D:2      | Slain by a gnoll

Skill      XL: |  1 |
---------------+----+-----
Armour         | 1 |  1.2
Axes           | 2 |  2.8
Dodging        | 2 |  2.5
Fighting       | |  2.5
Throwing       | |  0.8
Spellcasting   | |  2.0
Translocations | |  2.6

Action                   || total
-------------------------++-------
Melee: Hand axe          ||   106
Armor: Ring mail         ||    71
Dodge: Dodged            ||    77
